 Dungeon Crawl Stone Soup version 0.30-a0-528-g8c47a4955b (webtiles) character file.

Game seed: 12241912589818658343

140014 xzight the Scorcher (level 16, -1/86 (90) HPs)
             Began as a Deep Elf Fire Elementalist on Dec 23, 2022.
             Was a High Priest of Ashenzari.
             Succumbed to a redback's poison
             ... on level 3 of the Spider Nest.
             The game lasted 02:14:24 (48945 turns).

xzight the Scorcher (Deep Elf Fire Elementalist)   Turns: 48945, Time: 02:14:25

HP:   -1/86 (90)    AC: 15    Str:  9 (17) XL:     16   Next: 74%
MP:   4/41          EV: 15    Int: 24 (29) God:    Ashenzari [*****.]
Gold: 1480          SH: 12    Dex: 15      Spells: 11/44 levels left

rFire   + . .      SeeInvis +    g - staff of fire (curse) {!a, Bglg, Elem}
rCold   . . .      Faith    .    B - +0 kite shield "Seer of Ashenzari" {Bglg, Comp} (curse)
rNeg    . . .      Spirit   +    m - +4 moon troll leather armour {Spirit, Regen++ MP+5, Elem, Evo} (curse)
rPois   .          Reflect  .    i - +1 helmet of Ashenzari's Seer {Elem, Range} (curse)
rElec   .          Harm     .    f - +0 cloak of the Unmoving One {Alch, Cun} (curse)
rCorr   .          Rampage  .    n - +2 pair of gloves "Cursed Together" {Bglg, Range} (curse)
Will    +....      Clarity  +    V - +0 pair of boots
Stlth   +++                      x - amulet "Restrained With Me" {Acrobat, Fort, Range} (curse)
HPRegen 1.94/turn                K - ring "Lashed With Me" {Str+6, Cun, Comp} (curse)
MPRegen 0.27/turn                S - ring of Ashenzari's Oracle {Str+6, Bglg, Range} (curse)

@: lethally poisoned (-1 -> -34), lightly drained
A: no striking features
a: Renounce Religion, Curse Item, Shatter the Chains


You were on level 3 of the Spider Nest.
You worshipped Ashenzari.
Ashenzari was extremely pleased with you.
You visited 6 branches of the dungeon, and saw 28 of its levels.

You collected 2136 gold pieces.
You spent 656 gold pieces at shops.


   Skills:
 - Level 6.5 Fighting
 - Level 7.0(10.5) Dodging
 - Level 2.4(5.1) Stealth
 - Level 9.1(11.4) Shields
 + Level 14.9 Spellcasting
 + Level 17.4(22.7) Conjurations
 - Level 7.0(10.5) Necromancy
 - Level 1.4(4.7) Translocations
 + Level 17.5(21.8) Fire Magic
 - Level 7.0(11.5) Air Magic
 - Level 7.5(12.0) Earth Magic


You had 11 spell levels left.
You knew the following spells:

 Your Spells              Type           Power      Damage    Failure   Level
a - Borgnjor's Vile Clut  Necr/Erth      32%        N/A       2%          5
b - Scorch                Fire           100%       2d10      0%          2
c - Flame Wave            Conj/Fire      100%       2d21      0%          4
d - Arcjolt               Conj/Air       39%        1d49      1%          5
e - Lightning Bolt        Conj/Air       39%        1d58      1%          5
f - Foxfire               Conj/Fire      100%       2x1d9     0%          1
g - Fire Storm            Conj/Fire      56%        8d14      69%         9
h - Blink                 Tloc           80%        N/A       1%          2

Your spell library contained the following spells:

 Spells                   Type           Power      Damage    Failure   Level
 Magic Dart               Conj           100%       1d8       0%          1
 Searing Ray              Conj           100%       2d8       0%          2
 Static Discharge         Conj/Air       100%       2-7/arc   0%          2
 Sticky Flame             Conj/Fire      100%       2d11      0%          4
 Sublimation of Blood     Necr           62%        N/A       1%          2
 Inner Flame              Hex/Fire       83%        N/A       1%          3
 Kindle Blastsparks       Fire/Tloc/Air  100%       2d18      1%          3
 Vhi's Electric Charge    Tloc/Air       100%       N/A       1%          3
 Fulminant Prism          Conj/Hex       32%        3d15      1%          4
 Conjure Ball Lightning   Conj/Air       39%        3x3d13    1%          6
 Irradiate                Conj/Tmut      32%        3d22      2%          5
 Wereblood                Tmut           19%        N/A       12%         2
 Passage of Golubria      Tloc           40%        N/A       13%         4
 Tukima's Dance           Hex            21%        N/A       21%         3
 Yara's Violent Unravell  Hex/Tmut       10%        3d6       90%         5
 Alistair's Intoxication  Tmut/Pois      12%        N/A       92%         5
 Blade Hands              Tmut           9%         N/A       92%         5
 Eringya's Noxious Bog    Tmut/Pois      9%         N/A       100%        6
 Dragon Form              Tmut           9%         N/A       100%        7
 Summon Hydra             Summ           10%        N/A       100%        7
 Discord                  Hex            10%        N/A       100%        8
 Disjunction              Tloc           20%        N/A       100%        8
 Chain Lightning          Conj/Air       39%        3d52      100%        9
 Shatter                  Erth           33%        3d27*     100%        9

Inventory:

Missiles
 b - 2 throwing nets {=f}
Armour
 f - the cursed +0 cloak of the Unmoving One (worn) {Alch, Cun}
   (You found it on level 2 of the Dungeon)

   It has a curse which improves the following skills: Alchemy: Poison Magic and
   Transmutations.
   Cunning:   Dodging and Stealth.
 i - the cursed +1 helmet of Ashenzari's Seer (worn) {Elem, Range}
   (You found it on level 1 of the Dungeon)

   It has a curse which improves the following skills: Elements: Fire Magic, Ice
   Magic, Air Magic and Earth Magic.
   Ranged Combat: Ranged Weapons and Throwing.
 m - the cursed +4 moon troll leather armour (worn) {Spirit, Regen++ MP+5, Elem, Evo}
   (You found it on level 7 of the Dungeon)

   MP:        It affects your magic capacity (+5).
   Regen:     It increases your rate of health regeneration.
   It has a curse which improves the following skills: Elements: Fire Magic, Ice
   Magic, Air Magic and Earth Magic.
   Evocations: Evocations.
 n - the cursed +2 pair of gloves "Cursed Together" (worn) {Bglg, Range}
   (You found it on level 2 of the Dungeon)

   It has a curse which improves the following skills: Beguiling: Conjurations,
   Hexes and Translocations.
   Ranged Combat: Ranged Weapons and Throwing.
 B - the cursed +0 kite shield "Seer of Ashenzari" (worn) {Bglg, Comp}
   (You found it on level 5 of the Dungeon)

   It has a curse which improves the following skills: Beguiling: Conjurations,
   Hexes and Translocations.
   Companions: Summonings and Necromancy.
 V - a +0 pair of boots (worn)
Magical Staves
 g - a cursed staff of fire (weapon) {!a, Bglg, Elem}
Jewellery
 x - the cursed amulet "Restrained With Me" (around neck) {Acrobat, Fort, Range}
   (You found it on level 4 of the Lair of Beasts)

   [amulet of the acrobat]

   It increases your evasion while moving and waiting.
   It has a curse which improves the following skills: Fortitude: Armour and
   Shields.
   Ranged Combat: Ranged Weapons and Throwing.
 y - an amulet of regeneration
 C - a ring of ice
 E - a +4 ring of evasion
 F - a ring of protection from fire
 K - the cursed ring "Lashed With Me" (left hand) {Str+6, Cun, Comp}
   (You found it on level 9 of the Dungeon)

   [ring of strength]

   Str:       It affects your strength (+6).
   It has a curse which improves the following skills: Cunning: Dodging and
   Stealth.
   Companions: Summonings and Necromancy.
 M - a ring of magical power
 P - a ring of poison resistance
 S - the cursed ring of Ashenzari's Oracle (right hand) {Str+6, Bglg, Range}
   (You found it on level 11 of the Dungeon)

   [ring of strength]

   Str:       It affects your strength (+6).
   It has a curse which improves the following skills: Beguiling: Conjurations,
   Hexes and Translocations.
   Ranged Combat: Ranged Weapons and Throwing.
 T - a +4 ring of protection
Wands
 e - a wand of digging (3)
 j - a wand of light (6)
 A - a wand of polymorph (5)
 D - a wand of charming (7)
 O - a wand of iceblast (4)
 R - a wand of flame (14)
Scrolls
 a - 2 scrolls of teleportation {@r2}
 c - 8 scrolls of fog
 k - 3 scrolls of enchant weapon
 v - 3 scrolls of enchant armour
 w - a scroll of fear
 z - 4 scrolls of poison
 G - 3 scrolls of silence {!r}
 I - 2 scrolls of magic mapping
 J - 4 scrolls of amnesia
Potions
 d - 15 potions of curing {@q1}
 h - 3 potions of flight
 l - 7 potions of attraction
 o - 3 potions of haste {@q3}
 p - 2 potions of invisibility
 q - 5 potions of mutation
 r - 5 potions of cancellation
 s - a potion of resistance
 t - 6 potions of lignification
 u - 2 potions of berserk rage {!q}
 H - 3 potions of ambrosia
 L - 4 potions of heal wounds {@q2}
 N - 4 potions of might

Dungeon Overview and Level Annotations

Branches:
Dungeon (15/15)            Temple (1/1) D:4            Lair (5/5) D:11
  Swamp (0/4) Lair:3       Spider (4/4) Lair:3        Slime (1/5) Lair:4
    Orc (2/2) D:10            Elf (0/3) Orc:2        Vaults (0/5) D:14
 Depths (0/4) D:15

Altars:
Ashenzari
Cheibriados
Dithmenos
Elyvilon
Fedhas
Gozag
Hepliaklqana
Kikubaaqudgha
Makhleb
Nemelex Xobeh
Okawaru
Qazlal
Ru
Sif Muna
Trog
Uskayaw
Vehumet
Wu Jian
Xom
Yredelemnul
Zin
The Shining One

Shops:
D:4 **   D:7 !*[[[   D:9 *   D:10 !   Orc:1 !   Orc:2 [*(:

Portals:
Hell: Lair:5
Trove: D:12 (show abyssal rune of Zot)

Annotations:
D:8 Maurice
D:14 Roxanne
D:15 exclusion: obsidian statue
Spider:4 10 exclusions

....#.##..^...###....#
.........[.##.....#.##
..............#^.#^..##
...#.#......#.^.#.....####
..^>.#..^...#....^.#..^.^#
.#.#....#^#.....##......###
.....#.##^..#.^.#...^.....#
.^...^.....#..#.s...^#.#..##
.#....^......#..@#.........#
....#^#.#..#..^.#B#.....####
..#...#..#....#.........^^#
..............^.#....#....#
..#.....#^.#.#.....^....^##
....#.....^....#.^.#..#..#
..^#^.#...?#.#...#.......#
.........#....#.....#....#
..#.....#.............#.##


You could see a pharaoh ant and a redback.


Message History

You enter a dispersal trap!
The meliai blinks! x2; The redback blinks!
You blink.
A demonic crawler and a wolf spider come into view.
Found a potion of ambrosia and 23 gold pieces.
The demonic crawler moves out of view.
Blink to where?
Press: ? - help, Dir - move target A pharaoh ant, a redback and a jumping spider come into view.
Found four items.
Found a stone staircase leading up.
As you read the scroll of blinking, it crumbles to dust.
The pharaoh ant gives a chilling moan.
The jumping spider's many legs skitter faintly.
The jumping spider leaps! x2
The redback attacks as you move away! The redback closely misses you.
The pharaoh ant misses you. x2
You see here 16 gold pieces.
You block the redback's attack. You block the pharaoh ant's attack.
The redback bites you.
There is a stone staircase leading up here.
The pharaoh ant bites you!!
* * * LOW HITPOINT WARNING * * *
The redback bites you.
* * * LOW HITPOINT WARNING * * *
You are poisoned.
The redback poisons you! The pharaoh ant bites you!!
* * * LOW HITPOINT WARNING * * *
You feel drained.
* * * LOW HITPOINT WARNING * * *
You climb upwards.
You die...

Skill      XL: |  1  2  3  4  5  6  7  8  9 10 11 12 13 14 15 16 |
---------------+-------------------------------------------------+-----
Conjurations   | 2 3 4 5 7 9 10 11 12 14 15 17 | 17.4
Fire Magic     | 4 5 6 8 10 11 13 14 16 17 | 17.5
Spellcasting   | 4 5 6 7 8 9 11 12 13 14 | 14.9
Fighting       | 2 3 5 6 |  6.5
Dodging        | 4 7 |  7.0
Air Magic      | 3 5 7 |  7.0
Shields        | 2 4 5 6 8 9 |  9.1
Necromancy     | 1 6 7 |  7.0
Earth Magic    | 1 5 7 |  7.5
Translocations | 1 |  1.4
Stealth        | |  2.4

Action                   |  1- 3 |  4- 6 |  7- 9 | 10-12 | 13-15 | 16-18 || total
-------------------------+-------+-------+-------+-------+-------+-------++-------
Melee: Dagger            |     1 |       |       |       |       |       ||     1
       Short sword       |       |       |    39 |    30 |     5 |       ||    74
       Punch             |       |       |     1 |     1 |       |       ||     2
       Staff             |       |       |       |       |    19 |    14 ||    33
Throw: Throwing net      |       |       |       |       |       |     2 ||     2
 Cast: Foxfire           |   140 |   113 |   143 |   318 |   228 |     6 ||   948
       Scorch            |     5 |    48 |   116 |   205 |   136 |    82 ||   592
       Flame Wave        |       |       |       |    19 |    12 |     8 ||    39
       Arcjolt           |       |       |       |    36 |   119 |   102 ||   257
       Lightning Bolt    |       |       |       |    20 |   278 |    78 ||   376
       Borgnjor's Vile C |       |       |       |       |    73 |    20 ||    93
       Blink             |       |       |       |       |     6 |     2 ||     8
Invok: Curse Item        |       |       |     4 |     6 |     3 |       ||    13
       Shatter the Chain |       |       |     1 |       |     3 |       ||     4
Evoke: Wand              |       |       |       |     2 |     8 |    18 ||    28
  Use: Scroll            |     1 |       |     7 |     3 |     4 |     7 ||    22
       Potion            |       |       |     2 |     2 |     5 |     6 ||    15
Armor: Leather armour    |     5 |     8 |    12 |       |       |       ||    25
       Troll leather arm |       |       |    10 |    85 |    84 |   166 ||   345
       Robe              |       |       |     3 |       |       |       ||     3
Dodge: Dodged            |     9 |     7 |    47 |   195 |   315 |   559 ||  1132
Block: Kite shield       |       |       |       |    41 |   273 |   376 ||   690

Levels and vault maps discovered:
D:1:      minmay_arrival_jagged, layout_basic, serial_rivers,
          chequers_serial_rivers_room_a, chequers_serial_rivers_large_a,
          chequers_serial_rivers_micro_e, chequers_serial_rivers_micro_a,
          chequers_serial_rivers_micro_b, ebering_ecumenical_altar_abandoned
D:2:      layout_rooms, st_stairs_9, serial_park_tiny_2, palyth_stone_intersect,
          minmay_tiny_reverse_x, uniq_natasha, uniq_robin
D:3:      layout_loops_corners, lightli_temple_of_fire,
          mainiacjoe_overflow_alcove_2, minmay_snake_closets
D:4:      layout_rooms, mainiacjoe_overflow_brackets,
          nicolae_overflow_hidden_temple, minmay_temple_entry_junction_2,
          serial_shops, nicolae_shop_crystal, portal_sewer_entry_a,
          nicolae_shop_gadgets, uniq_menkaure, uniq_ijyb, uniq_grinder
D:5:      nicolae_BIG_FREAKIN_CUBE, layout_gridville,
          kennysheep_okawaru_gauntlet, serial_demonic, serial_demonic_e,
          serial_demonic_e, serial_demonic_a, serial_demonic_e,
          serial_demonic_f, serial_demonic_c
D:6:      layout_loops_ring, uniq_pikel, uniq_blork_the_orc, uniq_duvessa,
          uniq_eustachio
D:7:      layout_rooms, mainiacjoe_overflow_catch_the_wave, serial_shops,
          kennysheep_mini, shop, shop, nicolae_shop_statue_plus, shop
D:8:      layout_basic, uniq_grum, uniq_maurice, uniq_erica, uniq_psyche
D:9:      layout_rooms, zin_purify, hellmonk_bongcloud_opening, uniq_gastronok
D:10:     layout_irregular_city, lemuel_crystal_altar, david_orc_3,
          serial_shops, nicolae_shop_behind_doors, minmay_misc_feat_rows,
          amcnicky_mini_corridor_feature, kennysheep_generic_room_6
D:11:     layout_roguey, lair_entry_dummy, uniq_sonja, uniq_josephine
D:12:     layout_basic, nicolae_trove_entry_crystal, uniq_fannar
D:13:     layout_basic
D:14:     layout_roguey, skrybe_vaults_entry_preservation, serial_undead,
          serial_undead_a, serial_undead_a, serial_undead_c, serial_undead_c,
          uniq_louise, uniq_roxanne
D:15:     grunt_enter_depths_snipers, layout_rooms, minmay_misc_feat_enclosed,
          minivault_16, pdpol_wu_jian_five_deadly_venoms, uniq_agnes,
          uniq_azrael
Temple:   nicolae_temple_figure_eight
Lair:1:   cheibrodos_lair_river_kwai, layout_cave_pods, beast_lair_carwin_2
Lair:2:   layout_chaotic_city, pond
Lair:3:   minmay_lair_venomous_thicket, layout_long_grid, swamp_mist,
          spider_nest_entry_web_field, basic_altar, grunt_megastairs_4,
          uniq_rupert
Lair:4:   layout_regular_city, slime_entry_1
Lair:5:   evil_forest, layout_regular_city, serial_forest,
          infiniplex_forest_lined_2, infiniplex_forest_pool,
          infiniplex_forest_corner_1, infiniplex_forest_clump_large,
          infiniplex_forest_end_3, infiniplex_forest_corner_1,
          infiniplex_forest_straight_4, infiniplex_forest_clump_tiny,
          infiniplex_staircase_pool_2
Spider:1: layout_spider_delve, hellmonk_narrow_tunnel
Spider:2: layout_spider_delve, nicolae_spider_jagged_tunnels
Spider:3: nicolae_spider_mines_2, spiders_nest_spider_trap, uniq_aizul
Spider:4: guppyfry_spider_rune, nicolae_crawler_farm
Slime:1:  layout_caves
Orc:1:    layout_caves, serial_shops, nicolae_shop_statue_plus
Orc:2:    st_orc_congregation, layout_caves, nicolae_orc_pool_cavern,
          uniq_saint_roka

Notes
Turn   | Place    | Note
-------+----------+-------------------------------------------
     0 | D:1      | xzight the Deep Elf Fire Elementalist began the quest for
                  | the Orb.
     0 | D:1      | Reached XP level 1. HP: 10/10 MP: 6/6
   321 | D:1      | Found a faded altar of an unknown god.
   449 | D:1      | Reached XP level 2. HP: 15/15 MP: 4/8
   500 | D:1      | Learned a level 2 spell: Scorch
  1194 | D:1      | Reached skill level 2 in Conjurations
  1486 | D:2      | Noticed Robin
  1694 | D:2      | Killed Robin
  1695 | D:2      | Reached XP level 3. HP: 19/19 MP: 5/10
  1785 | D:2      | Reached skill level 4 in Fire Magic
  2088 | D:2      | Reached skill level 4 in Spellcasting
  2527 | D:2      | Noticed Natasha
  2534 | D:2      | Killed Natasha
  2535 | D:2      | Reached XP level 4. HP: 24/24 MP: 3/12
  2972 | D:2      | Noticed Natasha
  2978 | D:2      | Killed Natasha
  2979 | D:2      | Reached skill level 3 in Conjurations
  3067 | D:2      | Noticed Natasha
  3072 | D:2      | Killed Natasha
  3073 | D:2      | Reached XP level 5. HP: 28/28 MP: 8/14
  3461 | D:3      | Reached skill level 5 in Spellcasting
  3964 | D:3      | Reached skill level 5 in Fire Magic
  4183 | D:3      | Reached XP level 6. HP: 28/32 MP: 11/16
  4230 | D:3      | Found a shadowy altar of Dithmenos.
  4780 | D:3      | Found a burning altar of Makhleb.
  5075 | D:4      | Found Qiomi's Gadget Gallery.
  5195 | D:4      | Reached skill level 4 in Conjurations
  5204 | D:4      | Noticed Ijyb
  5317 | D:4      | Killed Ijyb
  5444 | D:4      | Noticed Menkaure
  5446 | D:4      | Killed Menkaure
  5447 | D:4      | Reached skill level 6 in Spellcasting
  5535 | D:4      | Found a shimmering blue altar of Sif Muna.
  5729 | D:4      | Found a staircase to the Ecumenical Temple.
  5749 | Temple   | Entered the Ecumenical Temple
  6143 | D:4      | Reached XP level 7. HP: 36/36 MP: 15/18
  6261 | D:4      | Found Ditoyv Qebbe's Assorted Antiques.
  6266 | D:4      | Noticed Grinder
  6274 | D:4      | Killed Grinder
  6275 | D:4      | Reached skill level 5 in Conjurations
  6275 | D:4      | Reached skill level 6 in Fire Magic
  6344 | D:4      | Found a broken altar of Ashenzari.
  6364 | D:4      | Became a worshipper of Ashenzari the Shackled
  6390 | D:5      | Entered Level 5 of the Dungeon
  6461 | D:5      | Reached skill level 7 in Spellcasting
  6812 | D:5      | Reached XP level 8. HP: 41/41 MP: 7/21
  6972 | D:5      | You fall into a shaft and drop 3 floors!
  6995 | D:8      | Noticed Maurice
  7007 | D:8      | Noticed Grum
  7013 | D:8      | Noticed Psyche
  7201 | D:7      | Reached skill level 6 in Conjurations
  7201 | D:7      | Reached skill level 7 in Fire Magic
  7218 | D:7      | Reached * piety under Ashenzari
  7380 | D:5      | Found an iron altar of Okawaru.
  7398 | D:5      | Reached skill level 8 in Spellcasting
  7999 | D:6      | Noticed Pikel
  8003 | D:6      | Killed Pikel
  8004 | D:6      | Reached skill level 2 in Fighting
  8004 | D:6      | Reached skill level 4 in Dodging
  8004 | D:6      | Reached skill level 7 in Conjurations
  8019 | D:6      | Noticed Blork the orc
  8025 | D:6      | Noticed Eustachio
  8025 | D:6      | Killed Blork the orc
  8128 | D:5      | Reached skill level 8 in Fire Magic
  8128 | D:5      | Reached XP level 9. HP: 43/48 MP: 16/23
  8308 | D:6      | Killed Eustachio
  8309 | D:6      | Reached skill level 5 in Dodging
  8390 | D:6      | Reached ** piety under Ashenzari
  8813 | D:6      | Reached skill level 8 in Conjurations
  8862 | D:6      | Noticed Dowan
  8866 | D:6      | Killed Dowan
  8995 | D:6      | Noticed Duvessa
  9004 | D:6      | Killed Duvessa
  9210 | D:6      | Reached skill level 6 in Dodging
  9410 | D:7      | Reached skill level 9 in Fire Magic
  9453 | D:7      | Found Rueciete's Distillery.
  9454 | D:7      | Found the +4 moon troll leather armour {Spirit, Regen++
                  | MP+5}
  9510 | D:7      | Bought a potion of haste for 120 gold pieces
  9582 | D:7      | Found Juemod's General Store.
  9752 | D:7      | Reached skill level 7 in Dodging
  9752 | D:7      | Found Yghyahoq's Antique Armour Shop.
  9753 | D:7      | Found Jinny's Antique Armour Emporium.
  9895 | D:7      | Found a hide-covered altar of Uskayaw.
  9963 | D:7      | Found Qiabrego's Antique Armour Shoppe.
  9971 | D:7      | Found a hazy altar of Hepliaklqana.
 10081 | D:7      | Reached skill level 9 in Conjurations
 10282 | D:8      | Noticed Erica
 10293 | D:8      | Killed Erica
 10294 | D:8      | Reached skill level 10 in Fire Magic
 10294 | D:8      | Reached XP level 10. HP: 20/53 MP: 3/24
 10329 | D:7      | Learned a level 4 spell: Flame Wave
 10475 | D:8      | Killed Psyche
 10625 | D:8      | Reached skill level 1 in Air Magic
 11244 | D:9      | Learned a level 5 spell: Arcjolt
 11261 | D:9      | Reached skill level 10 in Conjurations
 11322 | D:9      | Reached skill level 2 in Air Magic
 11404 | D:9      | Found Zin's Purification Station.
 11404 | D:9      | Found a glowing silver altar of Zin.
 11565 | D:9      | Reached skill level 9 in Spellcasting
 11824 | D:10     | Entered Level 10 of the Dungeon
 11927 | D:8      | Reached skill level 1 in Shields
 11931 | D:8      | Killed Grum
 12216 | D:10     | Found an ancient bone altar of Kikubaaqudgha.
 12300 | D:10     | Reached *** piety under Ashenzari
 12337 | D:10     | Reached skill level 3 in Air Magic
 12351 | D:10     | Reached skill level 2 in Shields
 12550 | D:10     | Reached XP level 11. HP: 57/57 MP: 9/26
 12715 | D:10     | Noticed a two-headed ogre
 12748 | D:10     | Killed a two-headed ogre
 12749 | D:10     | Reached skill level 11 in Fire Magic
 12837 | D:10     | Found Oced's Distillery.
 13034 | D:10     | Found a staircase to the Orcish Mines.
 13048 | D:10     | Reached skill level 10 in Spellcasting
 13048 | D:10     | Reached skill level 4 in Air Magic
 13487 | D:10     | Reached **** piety under Ashenzari
 13808 | D:11     | Found a staircase to the Lair.
 13869 | D:11     | Reached skill level 3 in Shields
 13979 | D:11     | Noticed Sonja
 14155 | D:9      | Noticed Gastronok
 14169 | D:9      | Killed Gastronok
 14170 | D:9      | Reached skill level 11 in Conjurations
 14618 | D:11     | Identified a +2 robe of the Archmagi
 14618 | D:11     | Noticed Josephine
 14637 | D:11     | Killed Josephine
 14638 | D:11     | Reached skill level 5 in Air Magic
 14903 | D:11     | Killed Sonja
 14904 | D:11     | Reached skill level 4 in Shields
 14904 | D:11     | Reached skill level 11 in Spellcasting
 15273 | D:11     | Learned a level 5 spell: Lightning Bolt
 15537 | Orc:1    | Entered Level 1 of the Orcish Mines
 15773 | Orc:1    | Found Aduuram's Distillery.
 15781 | Orc:1    | Reached XP level 12. HP: 47/62 MP: 5/29
 16048 | Orc:2    | Entered Level 2 of the Orcish Mines
 16058 | Orc:2    | Noticed Saint Roka
 16060 | Orc:2    | Reached skill level 12 in Fire Magic
 16532 | Lair:1   | Entered Level 1 of the Lair of Beasts
 16538 | Lair:1   | Noticed a five-headed hydra
 16544 | Lair:1   | Killed a five-headed hydra
 16705 | Lair:1   | Reached skill level 6 in Air Magic
 17114 | Lair:1   | Reached ***** piety under Ashenzari
 17489 | Lair:1   | Reached skill level 5 in Shields
 17839 | Lair:1   | Reached skill level 12 in Conjurations
 17865 | Lair:1   | Noticed a six-headed hydra
 17868 | Lair:1   | Killed a six-headed hydra
 17869 | Lair:1   | Reached skill level 12 in Spellcasting
 17921 | Lair:1   | Identified the +2 mace of Ceobiho {flame, rN++ Int+7 Dex-4}
 18199 | Lair:2   | Reached skill level 3 in Fighting
 18727 | Lair:2   | Noticed an eight-headed hydra
 18730 | Lair:2   | Killed an eight-headed hydra
 18984 | Lair:2   | Reached skill level 7 in Air Magic
 20097 | Lair:3   | Reached skill level 13 in Fire Magic
 20156 | Lair:3   | Reached XP level 13. HP: 70/70 MP: 29/31
 20210 | Lair:3   | Found a hole to the Spider Nest.
 20212 | Lair:3   | Found a blossoming altar of Fedhas.
 20212 | Lair:3   | Noticed Rupert
 20263 | Lair:3   | Found a staircase to the Swamp.
 20462 | Lair:3   | Reached ****** piety under Ashenzari
 21086 | Lair:4   | Reached skill level 4 in Fighting
 21592 | Lair:4   | Reached skill level 6 in Shields
 21663 | Lair:4   | Reached skill level 13 in Conjurations
 22037 | Lair:4   | Found a staircase to the Slime Pits.
 22456 | Lair:5   | Entered Level 5 of the Lair of Beasts
 22606 | Orc:2    | Found a staircase to the Elven Halls.
 22799 | Orc:2    | Killed Saint Roka
 24183 | Orc:2    | Reached skill level 14 in Fire Magic
 24183 | Orc:2    | Noticed an orc warlord
 24187 | Orc:2    | Killed an orc warlord
 24607 | Orc:2    | Reached skill level 5 in Fighting
 25067 | Orc:2    | Reached skill level 14 in Conjurations
 25624 | Orc:2    | Found Vugarog's General Store.
 25625 | Orc:2    | Found Moimp's Book Shoppe.
 25627 | Orc:2    | Found Anecvidu's Antique Armour Emporium.
 25627 | Orc:2    | Found Fynlecs's Antique Weapon Emporium.
 25642 | Orc:2    | Bought a potion of heal wounds for 80 gold pieces
 25644 | Orc:2    | Bought Great Wizards, Vol. II for 456 gold pieces
 25650 | Orc:2    | Learned a level 5 spell: Borgnjor's Vile Clutch
 25660 | Orc:2    | Learned a level 9 spell: Fire Storm
 25979 | Orc:2    | Reached skill level 1 in Necromancy
 26315 | Orc:1    | Reached skill level 1 in Earth Magic
 26619 | Orc:1    | Reached XP level 14. HP: 78/78 MP: 29/32
 26673 | Orc:2    | Found a staircase to the Elven Halls.
 26972 | Orc:2    | Found Vugarog's General Store.
 26973 | Orc:2    | Found Moimp's Book Shoppe.
 26975 | Orc:2    | Found Anecvidu's Antique Armour Emporium.
 26975 | Orc:2    | Found Fynlecs's Antique Weapon Emporium.
 27319 | Lair:5   | Reached skill level 2 in Necromancy
 27319 | Lair:5   | Reached skill level 2 in Earth Magic
 27322 | Lair:5   | Reached skill level 7 in Shields
 27322 | Lair:5   | Reached skill level 3 in Necromancy
 27323 | Lair:5   | Reached skill level 3 in Earth Magic
 27548 | Lair:4   | Reached skill level 13 in Spellcasting
 27791 | Lair:5   | Reached skill level 4 in Necromancy
 28521 | Lair:5   | Identified the Catalogue of the Burning Excursion
 28540 | Lair:5   | Learned a level 2 spell: Blink
 28790 | Lair:5   | Reached skill level 1 in Translocations
 28846 | Lair:4   | Reached skill level 8 in Shields
 28849 | Lair:4   | Reached skill level 5 in Necromancy
 29918 | Lair:5   | Reached skill level 6 in Necromancy
 30071 | Lair:5   | Found a burning altar of Makhleb.
 30089 | Lair:5   | Reached skill level 4 in Earth Magic
 30222 | Lair:5   | Found a gateway to Hell.
 30934 | Lair:5   | Reached skill level 5 in Earth Magic
 31474 | Lair:5   | Found a burning altar of Makhleb.
 31480 | Lair:5   | Found a gateway to Hell.
 32195 | D:12     | Found a portal to a secret trove of treasure.
 32411 | D:12     | Noticed Fannar
 32415 | D:12     | Killed Fannar
 33564 | D:13     | Identified the +5 sling of the Charming Gods {drain,
                  | *Corrode rElec Will+}
 34645 | D:14     | Identified Roxanne's Almanac of Transfiguration
 34645 | D:14     | Noticed Roxanne
 34809 | D:14     | Reached XP level 15. HP: 61/84 MP: 14/34
 35373 | D:14     | Reached skill level 6 in Fighting
 35484 | D:14     | Reached skill level 6 in Earth Magic
 35486 | D:14     | Reached skill level 7 in Necromancy
 35868 | D:14     | Reached skill level 15 in Fire Magic
 36262 | D:14     | Noticed Louise
 36265 | D:14     | Killed Louise
 36876 | D:14     | Reached skill level 15 in Conjurations
 37212 | D:14     | Found a gate to the Vaults.
 37569 | D:15     | Entered Level 15 of the Dungeon
 37825 | D:15     | Found an ornate altar of the Wu Jian Council.
 37870 | D:15     | Noticed Agnes
 37877 | D:15     | Killed Agnes
 37878 | D:15     | Reached skill level 9 in Shields
 37878 | D:15     | Reached skill level 7 in Earth Magic
 38432 | D:15     | Reached skill level 14 in Spellcasting
 38662 | D:15     | Noticed Azrael
 38683 | D:15     | Killed Azrael
 38956 | D:15     | Found a staircase to the Depths.
 39272 | Lair:3   | Killed Rupert
 39388 | Spider:1 | Entered Level 1 of the Spider Nest
 40331 | Spider:1 | Reached skill level 16 in Fire Magic
 40663 | Spider:1 | Reached XP level 16. HP: 80/90 MP: 11/36
 41002 | Lair:3   | Found a staircase to the Swamp.
 41433 | Lair:3   | Found a blossoming altar of Fedhas.
 41439 | Lair:3   | Found a hole to the Spider Nest.
 41810 | Slime:1  | Entered Level 1 of the Pits of Slime
 41887 | Spider:1 | Reached skill level 16 in Conjurations
 44945 | Spider:2 | Reached skill level 17 in Fire Magic
 45480 | Spider:2 | Reached skill level 17 in Conjurations
 46621 | Spider:3 | Noticed Aizul
 46800 | Spider:3 | Killed Aizul
 48801 | Spider:3 | Identified the +5 trident of Darkness {speed, Str+5}
 48929 | Spider:4 | Entered Level 4 of the Spider Nest
 48945 | Spider:3 | Succumbed to a redback's poison

Vanquished Creatures
  Saint Roka (Orc:2)
  Rupert (Lair:3)
  Gastronok (D:9)
  Agnes (D:15)
  An emperor scorpion (Spider:2)
  A ghost moth (Lair:4)
  Aizul (Spider:3)
  An orc warlord (Orc:2)
  Louise (D:14)
  An ironbound preserver (D:14)
  A broodmother (Spider:1)
  A stone giant (D:15)
  Azrael (D:15)
  A dire elephant (Lair:5)
  A spark wasp (Spider:2)
  Josephine (D:11)
  2 entropy weavers (Spider:2)
  Fannar (D:12)
  A catoblepas (D:14)
  2 jorogumos (Spider:2)
  8 hydras
  7 centaur warriors
  2 radroaches
  4 boulder beetles
  Erica (D:8)
  3 two-headed ogres
  6 death yaks (Lair:5)
  6 tengu warriors
  5 orc high priests (Orc:2)
  A sun demon (Lair:5)
  Sonja (D:11)
  A sun moth (Lair:3)
  4 skeletal warriors (D:14)
  6 pharaoh ants
  7 orb spiders
  9 steelbarb worms
  A wizard (Lair:5)
  Pikel (D:6)
  3 orc knights (Orc:2)
  A lindwurm (Lair:5)
  A deep elf pyromancer (D:12)
  2 manticores
  6 cyclopes
  11 wolf spiders
  5 orc sorcerers
  11 ugly things
  3 elephants
  5 black mambas
  3 torpor snails
  A smoke demon (Lair:5)
  7 centaur zombies (D:14)
  2 gargoyles
  3 orange demons (Lair:5)
  11 cane toads
  11 komodo dragons
  Psyche (D:8)
  7 rime drakes
  9 demonic crawlers
  6 tengu conjurers
  An ice devil (Lair:5)
  3 efreet
  2 red devils (Lair:5)
  9 trolls
  A polar bear (Lair:5)
  Grinder (D:4)
  2 hornets (Lair:3)
  10 slime creatures
  21 blink frogs
  2 meliai zombies (D:14)
  23 tarantellas
  5 dream sheep (Lair:5)
  12 culicivoras
  2 shadows (D:14)
  4 vampires
  27 jumping spiders
  2 wyverns
  6 wraiths
  Grum (D:8)
  Eustachio (D:6)
  16 yaks
  A basilisk (Lair:3)
  A fire elemental (D:15)
  2 steam dragons
  28 redbacks
  8 vampire mosquitoes
  Menkaure (D:4)
  A warg (Orc:1)
  2 acid dragons
  16 water moccasins
  Duvessa (D:6)
  7 hell hounds
  6 black bears
  38 orc warriors
  20 wolves
  11 centaurs
  An ogre (Orc:1)
  3 phantoms
  Blork the orc (D:6)
  2 kobold brigands
  11 bullfrogs
  A necrophage (D:8)
  3 gnoll sergeants
  4 scorpions
  Dowan (D:6)
  12 wights
  8 killer bees
  2 howler monkeys
  An electric eel (Spider:1)
  2 lava snakes (D:7)
  3 hounds
  2 quasits (D:5)
  3 jellies
  29 orc priests
  Natasha (thrice) (D:2)
  A gnoll bouda (D:10)
  An iguana (D:6)
  Ijyb (D:4)
  36 orc wizards
  11 hell rats (Lair:5)
  Robin (D:2)
  17 adders
  19 gnolls
  2 river rats
  A shadow imp (D:5)
  3 white imps
  3 ufetubi (D:5)
  3 worms (D:4)
  5 dart slugs
  97 orcs
  6 bats
  3 endoplasms (D:1)
  A giant cockroach (D:3)
  19 goblins
  10 hobgoblins
  6 jackals (D:4)
  4 quokkas
  13 ball pythons
  6 frilled lizards
  16 kobolds
  8 rats
  8 foxfires
891 creatures vanquished.

Vanquished Creatures (collateral kills)
  9 foxfires
9 creatures vanquished.

Vanquished Creatures (others)
  A demonic plant (D:5)
  1632 foxfires
  58 fungi
  98 plants
  2 withered plants (D:14)
1791 creatures vanquished.

Grand Total: 2691 creatures vanquished

Table legend: (Time is in decaauts)
 A = Elapsed time spent in this place.
 B = Non-inter-level travel time spent in this place.
 C = Inter-level travel time spent in this place.
 D = Time resting spent in this place.
 E = Time spent auto-exploring this place.
 F = Levels seen in this place.
 G = Mean time per level.
                   A        B        C        D        E       F      G
               +--------+--------+--------+--------+--------+-----+--------+
         Total |  49155 |  46073 |   3082 |  19570 |  19396 |  28 | 1755.5 |
       Dungeon |  23205 |  21614 |   1591 |   7755 |  10575 |  15 | 1547.0 |
        Temple |    254 |    245 |      9 |      0 |    244 |   1 |  254.0 |
          Lair |  12807 |  11903 |    904 |   4568 |   5611 |   5 | 2561.4 |
   Spider Nest |   7537 |   7129 |    408 |   4190 |   1575 |   4 | 1884.2 |
    Slime Pits |      1 |      1 |      0 |      0 |      0 |   1 |    1.0 |
  Orcish Mines |   5349 |   5181 |    168 |   3057 |   1390 |   2 | 2674.5 |
               +--------+--------+--------+--------+--------+-----+--------+

Top non-repeatable levels by time:
Spider:1: 3916 daAuts
  Lair:5: 3503 daAuts
  Lair:3: 3069 daAuts
  Lair:4: 2999 daAuts
   Orc:1: 2902 daAuts
    D:14: 2649 daAuts
Spider:2: 2617 daAuts
   Orc:2: 2446 daAuts
    D:10: 2125 daAuts
     D:2: 1899 daAuts
  Lair:1: 1764 daAuts
    D:13: 1729 daAuts
     D:3: 1631 daAuts
    D:11: 1624 daAuts
     D:1: 1610 daAuts

Table legend:
 A = Non-vault XP
 B = Vault XP
 C = Vault XP percentage of total XP
 D = Non-vault monster count
 E = Vault monster count
 F = Vault count percentage of total count
                 A         B        C        D         E       F
            +---------+---------+-------+---------+---------+-------
      Total |  124819 |   75202 |  37.6 |     609 |     274 |  31.0
            +---------+---------+-------+---------+---------+-------
        D:1 |      33 |       4 |  10.8 |      22 |       2 |   8.3
        D:2 |      89 |      78 |  46.7 |      14 |      15 |  51.7
        D:3 |     142 |      72 |  33.6 |      25 |       9 |  26.5
        D:4 |     105 |     506 |  82.8 |      23 |       7 |  23.3
        D:5 |     643 |     149 |  18.8 |      13 |      10 |  43.5
        D:6 |    1009 |    1161 |  53.5 |      27 |       5 |  15.6
        D:7 |    1231 |       0 |   0.0 |      21 |       0 |   0.0
        D:8 |    1191 |    1627 |  57.7 |      23 |       5 |  17.9
        D:9 |     948 |    1440 |  60.3 |      14 |       1 |   6.7
       D:10 |    4413 |     662 |  13.0 |      38 |       9 |  19.1
       D:11 |    2969 |    2553 |  46.2 |      20 |       6 |  23.1
       D:12 |    1875 |     857 |  31.4 |       7 |       1 |  12.5
       D:13 |    9523 |       0 |   0.0 |      35 |       0 |   0.0
       D:14 |   11738 |   14397 |  55.1 |      24 |      26 |  52.0
       D:15 |    8427 |    5841 |  40.9 |      15 |      10 |  40.0
     Lair:1 |    4655 |    2556 |  35.4 |      20 |       8 |  28.6
     Lair:2 |    3994 |    1174 |  22.7 |      13 |       5 |  27.8
     Lair:3 |    4169 |    3583 |  46.2 |      15 |      13 |  46.4
     Lair:4 |    9375 |     506 |   5.1 |      30 |       2 |   6.2
     Lair:5 |   11077 |   10716 |  49.2 |      38 |      24 |  38.7
   Spider:1 |   17219 |    2805 |  14.0 |      49 |       5 |   9.3
   Spider:2 |   16202 |    5859 |  26.6 |      41 |      13 |  24.1
   Spider:3 |    7600 |    4338 |  36.3 |      20 |      13 |  39.4
      Orc:1 |    2819 |     133 |   4.5 |      39 |       4 |   9.3
      Orc:2 |    3373 |   14185 |  80.8 |      23 |      81 |  77.9
            +---------+---------+-------+---------+---------+-------
